 Dungeon Crawl Stone Soup version 0.24-b1 (webtiles) character file.

Game seed: 16808784687478234725, levelgen mode: deterministic

110 Johnny the Digger (level 4, -7/35 HPs)
             Began as a Demigod Earth Elementalist on Oct 13, 2019.
             Killed by divine providence
             ... invoked by an orc priest
              (15 damage)
             ... on level 3 of the Dungeon.
             The game lasted 00:03:47 (1764 turns).

Johnny the Digger (Demigod Earth Elementalist)      Turns: 1764, Time: 00:03:48

Health: -7/35      AC:  4    Str: 11    XL:     4   Next: 35%
Magic:  1/10       EV: 12    Int: 26    God:
Gold:   71         SH:  0    Dex: 16    Spells: 7/8 levels left

rFire    . . .     SeeInvis .   (no weapon)
rCold    . . .     Gourm    .   (no shield)
rNeg     . . .     Faith    .   c - +0 robe
rPois    .         Spirit   .   h - +2 hat
rElec    .         Reflect  .   (no cloak)
rCorr    .         Harm     .   (no gloves)
MR       .....                  (no boots)
Stlth    ++........             (no amulet)
HPRegen  0.11/turn              (no ring)
MPRegen  0.12/turn              (no ring)

@: brilliant, about to teleport
A: high mp 1
a: no special abilities


You were on level 3 of the Dungeon.
You were not hungry.

You visited 1 branch of the dungeon, and saw 3 of its levels.

You collected 71 gold pieces.

Inventory:

Missiles
 b - 46 stones (quivered)
Armour
 c - a +0 robe (worn)
 h - a +2 hat (worn)
Scrolls
 e - a scroll of blinking {unknown}
 f - 3 scrolls of teleportation
 i - 3 scrolls of identify {unknown}
 j - a scroll of amnesia {unknown}
 k - a scroll of remove curse {unknown}
 l - a scroll of enchant armour {unknown}
Comestibles
 d - 5 rations


   Skills:
 + Level 1.6 Fighting
 - Level 1.7 Dodging
 - Level 1.7 Stealth
 + Level 2.5 Spellcasting
   Level 0.8 Transmutations
 * Level 4.0 Earth Magic


You had 7 spell levels left.
You knew the following spells:

 Your Spells              Type           Power        Failure   Level  Hunger
a - Sandblast             Erth           #####.       1%          1    None

Your spell library contained the following spells:

 Spells                   Type           Power        Failure   Level  Hunger
 Passwall                 Tmut/Erth      ####....     1%          2    ##.....
 Stone Arrow              Conj/Erth      ####..       1%          3    ###....
 Petrify                  Tmut/Erth      ####....     4%          4    ####...
 Lee's Rapid Deconstruct  Erth           #####.....   6%          5    ######.


Dungeon Overview and Level Annotations

Branches:
Dungeon (3/15)


Innate Abilities, Weirdness & Mutations

You have an increased reservoir of magic. (+10% MP)


Message History

The orc priest is severely wounded.
The orc priest closely misses you.
Unknown command.
It was a potion of brilliance.
You feel clever all of a sudden. The orc barely misses you.
The orc priest hits you but does no damage.
Okay, then.
You aren't carrying any potions.
Unknown command.
As you read the scroll labeled UZEUPRUUL, it crumbles to dust.
You feel strangely unstable.
It was a scroll of teleportation.
The orc hits you but does no damage.
The orc priest begins to cast a cantrip, but forgets the words!
The orc priest hits you.
* * * LOW HITPOINT WARNING * * *
The orc closely misses you.
The orc priest calls down the wrath of Beogh upon you.
Beogh smites you!
You die...

.†.†..##..h#...
...[..##.)o#.#
..........#..#
............#
.........#..############
†.............go.oo....#
...####[)......#####†###
.....##.###....#oohog#
........##.....#@#####
......####....####
>...?.# #....# ..<...#
#PPP.# ......# ##P..#
......# ......# ...)..#
......#


You could see 2 orc priests, a gnoll, an orc and a jackal.

Vanquished Creatures
  A crimson imp (D:2)
  An adder (D:2)
  An adder zombie (D:3)
  2 leopard geckos (D:2)
  2 orcs (D:3)
  A ball python (D:3)
  4 bats
  4 giant cockroaches
  8 goblins
  11 hobgoblins
  4 jackals
  A quokka (D:2)
  A frilled lizard (D:2)
  5 kobolds
  7 rats
53 creatures vanquished.

Notes
Turn   | Place    | Note
-------+----------+-------------------------------------------
     0 | D:1      | Johnny the Demigod Earth Elementalist began the quest for
                  | the Orb.
     0 | D:1      | Reached XP level 1. HP: 14/14 MP: 5/5
   103 | D:1      | Reached skill level 3 in Earth Magic
   128 | D:1      | Reached XP level 2. HP: 9/22 MP: 0/7
   732 | D:2      | Reached skill level 1 in Fighting
   832 | D:2      | Reached XP level 3. HP: 28/28 MP: 6/8
  1166 | D:2      | Reached XP level 4. HP: 35/35 MP: 8/10
  1656 | D:3      | Reached skill level 4 in Earth Magic
  1764 | D:3      | Killed from afar by an orc priest

Skill      XL: |  1  2  3  4 |
---------------+-------------+-----
Earth Magic    | 3 4 |  4.0
Spellcasting   | 2 |  2.5
Fighting       | 1 |  1.6
Dodging        | |  1.7
Stealth        | |  1.7
Transmutations | |  0.8

Action                   |  1- 3 |  4- 6 || total
-------------------------+-------+-------++-------
Melee: Unarmed           |    34 |     7 ||    41
 Cast: Sandblast         |    50 |    29 ||    79
  Use: Potion            |       |     3 ||     3
       Scroll            |       |     1 ||     1
  Eat: Chunk             |     1 |     2 ||     3
Armor: Robe              |    25 |     8 ||    33
Dodge: Dodged            |    60 |    26 ||    86
